 Dungeon Crawl Stone Soup version 0.30-a0-1085-g990a428a5c (webtiles) character file.

Game seed: 2587107928902173627

16201 Lobster4 the Zephyrmancer (level 12, 0/62 (68) HPs)
             Began as a Tengu Air Elementalist on Apr 16, 2023.
             Was a Priest of Vehumet.
             Slain by Urug
             ... wielding a +1 eveningstar of draining
              (26 damage)
             ... on level 11 of the Dungeon.
             The game lasted 00:47:04 (18601 turns).

Lobster4 the Zephyrmancer (Tengu Air Elementalist) Turns: 18601, Time: 00:47:05

HP:   0/62 (68)     AC: 10    Str:  8    XL:     12   Next: 35%
MP:   8/22          EV: 19    Int: 26    God:    Vehumet [***...]
Gold: 548           SH:  0    Dex: 16    Spells: 2/23 levels left

rFire   + . .      SeeInvis .    D - +1 falchion (holy)
rCold   + . .      Faith    .    (no shield)
rNeg    . . .      Spirit   .    L - +2 robe {rC+ rF+}
rPois   .          Reflect  .    q - +2 hat
rElec   .          Rampage  .    j - +1 cloak
rCorr   .                        g - +0 pair of gloves
Will    .....                    (boots unavailable)
Stlth   +++                      t - amulet of regeneration
HPRegen 1.10/turn                F - +6 ring of intelligence
MPRegen 0.18/turn                (no ring)

@: freezing walls, flying quickly and evasively, drained, quick
A: beak, talons 3, nimble flight
a: Renounce Religion


You were on level 11 of the Dungeon.
You worshipped Vehumet.
Vehumet was most pleased with you.
You visited 2 branches of the dungeon, and saw 12 of its levels.

You collected 668 gold pieces.
You spent 120 gold pieces at shops.

Inventory:

Hand Weapons
 p - a +0 sling
 D - a +1 falchion of holy wrath (weapon)
 H - a +3 falchion
 K - a +4 short sword
 M - a +0 shortbow
 P - a +0 dagger of venom
Missiles
 B - 10 poisoned darts
 G - 2 silver boomerangs
 J - a curare-tipped dart
 O - 2 atropa-tipped darts
 Q - a throwing net
Armour
 e - a +0 robe of positive energy
 g - a +0 pair of gloves (worn)
 j - a +1 cloak (worn)
 q - a +2 hat (worn)
 L - a +2 robe of resistance (worn)
 N - +0 acid dragon scales
 S - the +0 robe of Mioruh {rElec Dex+4}
   (You found it on level 9 of the Dungeon)

   Dex:       It affects your dexterity (+4).
   rElec:     It insulates you from electricity.
Magical Staves
 k - a staff of fire
 l - a staff of cold
Jewellery
 t - an amulet of regeneration (around neck)
 F - a +6 ring of intelligence (left hand)
Wands
 a - a wand of polymorph (7)
 i - a wand of flame (24)
 o - a wand of digging (5)
 C - a wand of iceblast (11)
Scrolls
 c - 4 scrolls of teleportation
 d - 3 scrolls of fog
 f - a scroll of enchant weapon
 s - a scroll of brand weapon
 x - a scroll of silence {unknown}
 y - a scroll of identify
 E - a scroll of noise {unknown}
 R - a scroll of magic mapping
Potions
 b - 3 potions of magic
 m - 7 potions of curing
 n - 6 potions of lignification
 r - a potion of resistance
 u - 2 potions of haste
 w - 3 potions of mutation
 z - a potion of invisibility
 A - 3 potions of brilliance
 I - a potion of attraction {unknown}
 T - 2 potions of berserk rage


   Skills:
 - Level 5.0 Fighting
 - Level 2.9(4.6) Short Blades
 + Level 5.5(5.9) Long Blades
 - Level 2.0 Throwing
 - Level 6.0 Armour
 + Level 7.6 Dodging
 - Level 5.0 Stealth
 + Level 6.4 Spellcasting
 + Level 9.0 Conjurations
 + Level 4.3 Ice Magic
 * Level 13.0 Air Magic
 - Level 4.0 Poison Magic
 - Level 3.0 Evocations


You had 2 spell levels left.
You knew the following spells:

 Your Spells              Type           Power      Damage    Failure   Level
a - Shock                 Conj/Air       100%       1d9       1%          1
b - Swiftness             Air            66%        N/A       1%          3
c - Mephitic Cloud        Conj/Pois/Air  52%        N/A       1%          3
d - Airstrike             Air            33%        2d(5-21)  1%          4
e - Freezing Cloud        Conj/Ice/Air   26%        6-21      1%          5
f - Poisonous Vapours     Pois/Air       100%       N/A       1%          2
g - Frozen Ramparts       Ice            62%        1d10      1%          3

Your spell library contained the following spells:

 Spells                   Type           Power      Damage    Failure   Level
 Flame Wave               Conj/Fire      31%        2d9       3%          4
 Freeze                   Ice            100%       1d10      1%          1
 Kiss of Death            Conj/Necr      100%       2d13      1%          1
 Magic Dart               Conj           100%       1d8       1%          1
 Cigotuvi's Dreadful Rot  Necr/Pois/Air  74%        N/A       1%          2
 Static Discharge         Conj/Air       100%       2-7/arc   1%          2
 Ensorcelled Hibernation  Hex/Ice        38%        N/A       4%          2
 Apportation              Tloc           16%        N/A       7%          1
 Necrotise                Necr           32%        1d5       7%          1
 Summon Small Mammal      Summ           32%        N/A       7%          1
 Call Imp                 Summ           16%        N/A       10%         2
 Passwall                 Tmut/Erth      6%         N/A       10%         2
 Hailstorm                Conj/Ice       43%        3d10      1%          3
 Ignite Poison            Fire/Tmut/Pois 15%        N/A       3%          3
 Irradiate                Conj/Tmut      15%        3d16      8%          5
 Spider Form              Tmut/Pois      18%        N/A       9%          3
 Confusing Touch          Hex            8%         N/A       21%         3
 Portal Projectile        Hex/Tloc       16%        N/A       21%         3
 Tukima's Dance           Hex            8%         N/A       21%         3
 Anguish                  Hex/Necr       4%         N/A       54%         4
 Dispel Undead            Necr           8%         3d8       54%         4
 Blade Hands              Tmut           4%         N/A       88%         5
 Dragon Form              Tmut           4%         N/A       100%        7


Dungeon Overview and Level Annotations

Branches:
Dungeon (11/15)            Temple (1/1) D:4            Lair (0/5) D:8
    Orc (0/2) D:9

Altars:
Ashenzari
Cheibriados
Dithmenos
Elyvilon
Fedhas
Gozag
Hepliaklqana
Kikubaaqudgha
Makhleb
Nemelex Xobeh
Okawaru
Qazlal
Ru
Sif Muna
Trog
Uskayaw
Vehumet
Wu Jian
Xom
Yredelemnul
Zin
The Shining One

Shops:
D:1 !   D:2 *   D:4 (   D:10 *

Portals:
Trove: D:10 (give Vampire's Tooth)

Annotations:
D:5 exclusion: vampire mosquito
D:11 1 runed translucent door, Urug


Innate Abilities, Weirdness & Mutations

You have a beak for a mouth.
You have claws for feet.
Your magical nature lets you fly swiftly and evasively.


Message History

Aim: Urug, wielding a +1 eveningstar of draining, wearing a +0 ring mail and quivering javelins (heavily wounded, empty space bonus: 5/8)
The air twists around and strikes Urug!
Urug is severely wounded.
Casting: Airstrike (safe; 1% risk of failure)
Confirm with . or Enter, or press ? or * to list all spells.
Aiming: Airstrike (safe; 1% risk of failure)
Press: ? - help, Dir - move target, f/p - Urug
Aim: Urug, wielding a +1 eveningstar of draining, wearing a +0 ring mail and quivering javelins (severely wounded, empty space bonus: 2/8)
The air twists around and strikes Urug but does no damage.
Urug hits you but does no damage.
You feel drained.
Casting: Airstrike (safe; 1% risk of failure)
Confirm with . or Enter, or press ? or * to list all spells.
Casting: Frozen Ramparts (safe; 1% risk of failure)
Press: ? - help, Dir - look around, f - activate The walls around you are covered in ice.
The wall freezes Urug!
Urug hits you with a +1 eveningstar of draining!
You feel drained.
Unknown command.
Casting: Frozen Ramparts (safe; 1% risk of failure)
Confirm with . or Enter, or press ? or * to list all spells.
Aiming: Poisonous Vapours (safe; 1% risk of failure)
Press: ? - help, Dir - move target, f - Urug
Aim: Urug, wielding a +1 eveningstar of draining, wearing a +0 ring mail and quivering javelins (severely wounded) Poisonous vapours surround Urug!
Urug is poisoned.
The wall freezes Urug.
Urug misses you.
Casting: Poisonous Vapours (safe; 1% risk of failure)
Confirm with . or Enter, or press ? or * to list all spells.
Aiming: Poisonous Vapours (safe; 1% risk of failure)
Press: ? - help, Dir - move target, f/p - Urug
Aim: Urug, wielding a +1 eveningstar of draining, wearing a +0 ring mail and quivering javelins (severely wounded, very poisoned) Poisonous vapours surround Urug!
Urug looks as sick as possible!
The wall freezes Urug but does no damage.
Urug hits you with a +1 eveningstar of draining!!
You feel drained.
You hit Urug but do no damage.
Urug is almost dead.
The wall freezes Urug.
Urug hits you with a +1 eveningstar of draining!!
You die...

.###......#.######..
.# #.....###.........
o. .#
#......#.........##.#
.#
#....[..#.#####.....#
.# #.##....#.# .....#
.# #.####..#.# .....#
. #.# #..#.# ....#
#.# #....#####....#
#.# ####....@o.#
#.########.######
#..).......#
############


You could see Urug (extremely poisoned).

Vanquished Creatures
  A boulder beetle (D:11)
  4 two-headed ogres
  An ugly thing (D:11)
  A cyclops (D:11)
  A manticore (D:11)
  A troll (D:9)
  A hornet (D:7)
  A wraith (D:9)
  3 shadows
  7 wyverns
  2 steam dragons
  31 yaks
  A basilisk (D:9)
  A two-headed ogre zombie (D:9)
  4 vampire mosquitoes (D:5)
  An acid dragon (D:10)
  8 water moccasins
  3 orc warriors
  A sky beast (D:6)
  3 centaurs
  4 phantoms
  A kobold brigand (D:8)
  5 bullfrogs
  4 gnoll sergeants
  9 wights
  3 troll zombies (D:9)
  7 killer bees
  2 howler monkeys
  A crimson imp (D:10)
  A jelly (D:7)
  10 orc priests
  Crazy Yiuf (D:7)
  3 hounds
  2 iguanas
  8 orc wizards
  A sleepcap (D:5)
  4 ogre zombies (D:9)
  20 gnolls
  9 adders
  3 white imps
  2 ufetubi
  A worm (D:2)
  3 dart slugs
  35 orcs
  8 ball pythons
  5 bats
  2 endoplasms
  4 giant cockroaches
  12 goblins
  3 hobgoblins
  3 jackals (D:1)
  3 quokkas
  4 frilled lizards
  3 goblin skeletons (D:9)
  5 goblin zombies (D:9)
  A hobgoblin zombie (D:9)
  15 kobolds
  6 orc skeletons (D:9)
  10 orc zombies (D:9)
  6 rats
305 creatures vanquished.

Vanquished Creatures (others)
  19 fungi
  32 plants
51 creatures vanquished.

Grand Total: 356 creatures vanquished

Notes
Turn   | Place    | Note
-------+----------+-------------------------------------------
     0 | D:1      | Lobster4 the Tengu Air Elementalist began the quest for the
                  | Orb.
     0 | D:1      | Reached XP level 1. HP: 10/10 MP: 4/4
   117 | D:1      | Found Heehagaan's Distillery.
   216 | D:1      | Reached XP level 2. HP: 15/15 MP: 0/6
   941 | D:1      | Reached skill level 1 in Armour
   941 | D:1      | Reached XP level 3. HP: 12/19 MP: 1/7
  1023 | D:2      | Learned a level 3 spell: Swiftness
  1026 | D:2      | Found Ekehis's Assorted Antiques.
  1605 | D:2      | Reached XP level 4. HP: 23/24 MP: 5/8
  2201 | D:3      | Reached skill level 5 in Air Magic
  2553 | D:3      | Reached skill level 1 in Short Blades
  2765 | D:3      | Gained mutation: Your magical nature lets you fly swiftly
                  | and evasively. [Tengu growth]
  2765 | D:3      | Reached XP level 5. HP: 21/28 MP: 5/9
  3633 | D:4      | Found a staircase to the Ecumenical Temple.
  3643 | Temple   | Entered the Ecumenical Temple
  3715 | D:4      | Reached skill level 1 in Fighting
  4001 | D:4      | Reached XP level 6. HP: 26/34 MP: 2/10
  4208 | D:4      | Learned a level 3 spell: Mephitic Cloud
  4224 | D:4      | Found a shadowy altar of Dithmenos.
  4225 | D:4      | Found a hide-covered altar of Uskayaw.
  4353 | D:4      | Found Sisucuo's Weapon Emporium.
  4794 | D:1      | Bought a potion of invisibility for 80 gold pieces
  4794 | D:1      | Bought a potion of brilliance for 40 gold pieces
  4879 | D:5      | Entered Level 5 of the Dungeon
  4920 | D:5      | Found a blossoming altar of Fedhas.
  5325 | D:5      | Reached skill level 1 in Evocations
  5541 | D:5      | Noticed a vampire mosquito
  5541 | D:5      | Noticed a vampire mosquito
  5542 | D:5      | Noticed a vampire mosquito
  5579 | D:6      | Noticed a water moccasin
  5637 | D:5      | Reached skill level 6 in Air Magic
  5842 | D:5      | Reached XP level 7. HP: 38/38 MP: 4/12
  6245 | D:5      | Noticed a vampire mosquito
  6344 | D:6      | Reached skill level 1 in Poison Magic
  6677 | D:6      | Reached XP level 8. HP: 33/44 MP: 1/13
  6858 | D:6      | Reached skill level 7 in Air Magic
  7082 | D:6      | Learned a level 4 spell: Airstrike
  7545 | D:6      | Identified the +2 leather armour of Ignis's Esteem {Stlth+}
  7960 | D:7      | Noticed a hornet
  8212 | D:7      | Found a radiant altar of Vehumet.
  8225 | D:7      | Became a worshipper of Vehumet
  8274 | D:7      | Reached skill level 8 in Air Magic
  8393 | D:7      | Reached skill level 5 in Conjurations
  8393 | D:7      | Reached XP level 9. HP: 50/50 MP: 11/15
  8846 | D:7      | Reached skill level 5 in Dodging
  9443 | D:7      | Found a runed translucent door.
  9444 | D:7      | Noticed Crazy Yiuf
  9452 | D:7      | Killed Crazy Yiuf
  9540 | D:7      | Killed a hornet
  9541 | D:7      | Reached skill level 1 in Long Blades
  9930 | D:8      | Reached * piety under Vehumet
  9930 | D:8      | Offered knowledge of Foxfire by Vehumet.
  9979 | D:7      | Learned a level 5 spell: Freezing Cloud
 10075 | D:8      | Found a glowing silver altar of Zin.
 10085 | D:8      | Reached skill level 9 in Air Magic
 10385 | D:6      | Reached skill level 1 in Ice Magic
 10825 | D:5      | Found a blossoming altar of Fedhas.
 11499 | D:5      | Reached XP level 10. HP: 56/56 MP: 4/17
 12343 | D:8      | Reached skill level 10 in Air Magic
 12675 | D:7      | Reached skill level 5 in Armour
 12763 | D:8      | Reached skill level 5 in Spellcasting
 13293 | D:8      | Found a white marble altar of Elyvilon.
 13315 | D:8      | Found a broken altar of Ashenzari.
 13497 | D:8      | Found a staircase to the Lair.
 14177 | D:9      | Found an iron altar of Okawaru.
 14179 | D:9      | Found a sacrificial altar of Ru.
 14228 | D:9      | Identified the +0 robe of Mioruh {rElec Dex+4}
 14325 | D:9      | Reached ** piety under Vehumet
 14337 | D:9      | Offered knowledge of Poisonous Vapours by Vehumet.
 14341 | D:9      | Learned a level 2 spell: Poisonous Vapours
 14827 | D:9      | Reached skill level 1 in Throwing
 14898 | D:9      | Found a staircase to the Orcish Mines.
 15118 | D:9      | Reached skill level 11 in Air Magic
 15232 | D:9      | Reached XP level 11. HP: 60/60 MP: 8/20
 15327 | D:9      | Noticed a two-headed ogre
 15353 | D:9      | Killed a two-headed ogre
 15681 | D:9      | Offered knowledge of Frozen Ramparts by Vehumet.
 15688 | D:9      | Learned a level 3 spell: Frozen Ramparts
 16113 | D:9      | Noticed a two-headed ogre
 16122 | D:9      | Killed a two-headed ogre
 16473 | D:10     | Entered Level 10 of the Dungeon
 16559 | D:10     | Found Otties's Serpentskin Sales.
 16668 | D:10     | Found a portal to a secret trove of treasure.
 16835 | D:10     | Reached *** piety under Vehumet
 16838 | D:10     | Noticed a two-headed ogre
 17099 | D:10     | Killed a two-headed ogre
 17100 | D:10     | Reached skill level 5 in Stealth
 17274 | D:10     | Reached skill level 12 in Air Magic
 17424 | D:10     | Found a burning altar of Makhleb.
 17424 | D:10     | Found a shimmering altar of Xom.
 17765 | D:11     | Identified the +4 great mace of Compulsion {flame, Str+2}
 17842 | D:11     | Offered knowledge of Flame Wave by Vehumet.
 17850 | D:11     | Noticed a boulder beetle
 17863 | D:11     | Killed a boulder beetle
 18007 | D:11     | Reached XP level 12. HP: 67/67 MP: 15/22
 18009 | D:11     | Reached skill level 5 in Long Blades
 18302 | D:11     | Found a runed translucent door.
 18358 | D:11     | Reached skill level 5 in Fighting
 18447 | D:11     | Noticed a two-headed ogre
 18456 | D:11     | Killed a two-headed ogre
 18461 | D:11     | Reached skill level 13 in Air Magic
 18586 | D:11     | Noticed Urug
 18601 | D:11     | Slain by Urug

Illustrated notes

Levels and vault maps discovered:
D:1:      dpeg_arrival_stone_temple_mockup, layout_loops_ring, serial_shops,
          shop
D:2:      layout_loops_ring, serial_shops, shop, minmay_tromino_i2
D:3:      corexii_shack_village, layout_loops_corners
D:4:      layout_basic, chequers_temple_overflow_statue_of_worship,
          minmay_temple_entry_mini_moons, serial_shops,
          nicolae_shop_back_alley_shop, dreamdust_gnoll_farm
D:5:      layout_basic, overflow_temple_1_default, ebering_dispersal_statue_hall
D:6:      layout_cave_pods, nicolae_underground_beach
D:7:      layout_basic, vehumet_altar_wand_db, uniq_crazy_yiuf_cottage
D:8:      layout_cave_pools, mainiacjoe_overflow_alcove_2, lemuel_tele_altar,
          mainiacjoe_overflow_boulevard, minmay_lair_entry_grove,
          chequers_serial_rivers_marsh
D:9:      layout_basic, mainiacjoe_overflow_catwalk_spiral, zombieorc2_lemuel,
          grunt_ministairs_4
D:10:     layout_loops_cross, grunt_temple_overflow_champion_of_chaos,
          nicolae_trove_entry_isolated, nrook_campfire, guppyfry_shop_venom
D:11:     cheibrodos_histonic, layout_loops_ring, uniq_urug
Temple:   nicolae_temple_ecumenical_triangle

Skill      XL: |  1  2  3  4  5  6  7  8  9 10 11 12 |
---------------+-------------------------------------+-----
Armour         | 1 2 3 4 5 6 |  6.0
Conjurations   | 2 3 4 5 6 7 8 9 |  9.0
Air Magic      | 5 6 8 9 11 12 13 | 13.0
Short Blades   | 1 2 |  2.9
Dodging        | 3 4 5 6 7 |  7.6
Fighting       | 1 2 3 4 5 |  5.0
Evocations     | 1 2 3 |  3.0
Spellcasting   | 3 4 5 6 |  6.4
Poison Magic   | 1 2 3 4 |  4.0
Stealth        | 3 4 5 |  5.0
Long Blades    | 2 3 4 5 |  5.5
Ice Magic      | 1 2 3 4 |  4.3
Throwing       | 1 2 |  2.0

Action                     |  1- 3 |  4- 6 |  7- 9 | 10-12 || total
---------------------------+-------+-------+-------+-------++-------
  Melee: Unarmed           |     2 |       |       |       ||     2
         Short sword       |     3 |       |       |       ||     3
         Dagger            |     4 |    16 |    33 |    18 ||    71
         Kick              |     2 |     5 |    12 |    20 ||    39
         Peck              |     1 |     2 |     7 |    18 ||    28
         Falchion          |       |       |       |    46 ||    46
         Punch             |       |       |       |     1 ||     1
  Throw: Stone             |     1 |       |       |       ||     1
         Dart              |       |       |       |     1 ||     1
   Cast: Shock             |    57 |   174 |   177 |   281 ||   689
         Airstrike         |       |       |    34 |   132 ||   166
         Mephitic Cloud    |       |       |     1 |     1 ||     2
         Poisonous Vapours |       |       |       |     9 ||     9
         Frozen Ramparts   |       |       |       |     4 ||     4
  Evoke: Wand              |       |       |     3 |     1 ||     4
    Use: Scroll            |       |     9 |     7 |     4 ||    20
         Potion            |       |       |     1 |     4 ||     5
   Stab: Sleeping          |     1 |       |       |       ||     1
         Distracted        |       |       |       |     1 ||     1
 Armour: Robe              |     4 |     3 |    15 |    23 ||    45
         Leather armour    |       |       |     5 |       ||     5
  Dodge: Dodged            |    16 |    29 |    73 |   152 ||   270

Table legend: (Time is in decaauts)
 A = Elapsed time spent in this place.
 B = Non-inter-level travel time spent in this place.
 C = Inter-level travel time spent in this place.
 D = Time resting spent in this place.
 E = Time spent auto-exploring this place.
 F = Levels seen in this place.
 G = Mean time per level.
                   A        B        C        D        E       F      G
               +--------+--------+--------+--------+--------+-----+--------+
         Total |  17782 |  16601 |   1181 |   3308 |  10686 |  12 | 1481.8 |
       Dungeon |  17733 |  16563 |   1170 |   3308 |  10656 |  11 | 1612.1 |
        Temple |     49 |     38 |     11 |      0 |     30 |   1 |   49.0 |
               +--------+--------+--------+--------+--------+-----+--------+

Top non-repeatable levels by time:
     D:5: 2798 daAuts
     D:9: 2627 daAuts
     D:7: 2565 daAuts
     D:6: 1595 daAuts
     D:8: 1536 daAuts
     D:3: 1306 daAuts
     D:2: 1240 daAuts
     D:4: 1154 daAuts
    D:10: 1102 daAuts
     D:1: 1000 daAuts
    D:11: 807 daAuts
  Temple: 49 daAuts
